 Dungeon Crawl Stone Soup version 0.24-b1-44-g37ad8b309f (webtiles) character file.

Game seed: 8010282117794368719, levelgen mode: deterministic

67 Emblim88 the Ruffian (level 4, -6/40 HPs)
             Began as a Ghoul Monk on Oct 23, 2019.
             Mangled by a gnoll
             ... wielding a +0 halberd
              (15 damage)
             ... on level 2 of the Dungeon.
             The game lasted 00:01:04 (953 turns).

Emblim88 the Ruffian (Ghoul Monk)                    Turns: 953, Time: 00:01:05

Health: -6/40      AC:  2    Str: 15    XL:     4   Next: 16%
Magic:  3/3        EV: 13    Int:  5    God:
Gold:   53         SH:  0    Dex: 11    Spells: 3/3 levels left

rFire    . . .     SeeInvis .     - Unarmed
rCold    + . .     Gourm    .   (no shield)
rNeg     + + +     Faith    .   a - +0 robe
rPois    ∞         Spirit   .   (no helmet)
rElec    .         Reflect  .   (no cloak)
rCorr    .         Harm     .   (no gloves)
MR       .....                  (no boots)
Stlth    ++........             (no amulet)
HPRegen  0.00/turn              (no ring)
MPRegen  0.08/turn              (no ring)

@: rotting
A: rotting body, claws 1, carnivore, cold resistance 1, negative energy
resistance 3, inhibited regeneration, torment resistance, unbreathing
a: no special abilities


You were on level 2 of the Dungeon.
You were not hungry.

You visited 1 branch of the dungeon, and saw 2 of its levels.

You collected 53 gold pieces.

Inventory:

Armour
 a - a +0 robe (worn)
Scrolls
 c - a scroll of enchant weapon {unknown}
 e - a scroll of identify {unknown}
 g - a scroll of teleportation {unknown}
Potions
 d - 2 potions of might {unknown}
 f - a potion of flight {unknown}
 h - a potion of curing {unknown}
Comestibles
 b - 2 rations
 i - a chunk of flesh


   Skills:
 + Level 3.9 Fighting
 + Level 3.2 Dodging
 - Level 2.1 Stealth
 * Level 4.4 Unarmed Combat


You had 3 spell levels left.
You didn't know any spells.
Your spell library was empty.

Dungeon Overview and Level Annotations

Branches:
Dungeon (2/15)

Altars:
Gozag


Innate Abilities, Weirdness & Mutations

Your body is rotting away.
You thrive on raw meat.
You are immune to poison.
You have sharp fingernails.
You are carnivorous and can eat meat at any time.
Your flesh is cold resistant. (rC+)
You are immune to negative energy. (rN+++)
You do not regenerate when monsters are visible.
You are immune to unholy pain and torment.
You can survive without breathing.


Message History

You are too injured to fight recklessly!
You are too injured to fight recklessly!
You are too injured to fight recklessly!
You are too injured to fight recklessly!
You are too injured to fight recklessly!
You are too injured to fight recklessly!
You are too injured to fight recklessly!
You are too injured to fight recklessly!
You are too injured to fight recklessly!
You are too injured to fight recklessly!
You are too injured to fight recklessly!
You are too injured to fight recklessly!
You are too injured to fight recklessly!
You barely miss the gnoll. The gnoll barely misses you.
You scratch the gnoll.
The gnoll is moderately wounded.
You scratch the gnoll.
The gnoll is severely wounded.
The gnoll hits you with a +0 halberd!
You die...

####.##.# #.#
#.......# #.# #
#.####.## #.# # # #.#
#.# # #.# ##.#######
#.# #.^....... #.#
#..###..##
####g#######..# #..##
#...@.........###..##
#.##$#######.........
#.....(......#..##
#########..#.#..#
#..#)#..## #.........
#.##....## #.......#
#########


You could see a gnoll.

Vanquished Creatures
  2 gnolls (D:2)
  An adder (D:2)
  An ooze (D:1)
  A dart slug (D:1)
  A leopard gecko (D:2)
  2 giant cockroaches (D:1)
  5 goblins (D:1)
  4 hobgoblins
  5 kobolds
  3 bats
  2 frilled lizards (D:2)
  2 rats
29 creatures vanquished.

Notes
Turn   | Place    | Note
-------+----------+-------------------------------------------
     0 | D:1      | Emblim88 the Ghoul Monk began the quest for the Orb.
     0 | D:1      | Reached XP level 1. HP: 19/19 MP: 0/0
   148 | D:1      | Reached XP level 2. HP: 25/26 MP: 1/1
   570 | D:1      | Reached skill level 4 in Unarmed Combat
   570 | D:1      | Reached XP level 3. HP: 28/29 MP: 2/2
   738 | D:2      | Found an opulent altar of Gozag.
   942 | D:2      | Reached XP level 4. HP: 22/40 MP: 3/3
   953 | D:2      | Mangled by a gnoll

Skill      XL: |  1  2 |
---------------+-------+-----
Dodging        | 3 |  3.2
Unarmed Combat | 4 |  4.4
Fighting       | |  3.9
Stealth        | |  2.1

Action                   |  1- 3 |  4- 6 || total
-------------------------+-------+-------++-------
Melee: Unarmed           |    78 |     9 ||    87
 Stab: Sleeping          |     3 |       ||     3
  Eat: Chunk             |     2 |       ||     2
Armor: Robe              |     7 |       ||     7
Dodge: Dodged            |    32 |     7 ||    39
